 Seeded DCSS version 0.30-a0-368-g86fb4627a9 (webtiles) character file.

Game seed: 4866231847754521613 (custom seed)

30812 purpskrrrp the Eclecticist (level 13, -8/63 HPs)
             Began as a Deep Elf Conjurer on Nov 18, 2022.
             Was an Elder of Sif Muna.
             Mangled by a white ugly thing (32 damage)
             ... on level 13 of the Dungeon.
             The game lasted 01:25:00 (18768 turns).

purpskrrrp the Eclecticist (Deep Elf Conjurer)     Turns: 18768, Time: 01:25:00

Health: -8/63      AC: 10    Str:  3    XL:     13   Next: 22%
Magic:  1/37       EV: 13    Int: 39    God:    Sif Muna [****..]
Gold:   1363       SH:  0    Dex: 12    Spells: 12/48 levels left

rFire   . . .      SeeInvis .    p - staff of conjuration
rCold   . . .      Faith    .    (no shield)
rNeg    . . .      Spirit   .    a - +2 robe
rPois   .          Reflect  .    y - +2 hat {Will+}
rElec   .          Harm     .    (no cloak)
rCorr   .          Rampage  .    B - +2 pair of gloves
Will    ++...                    C - +0 pair of boots
Stlth   ++........               H - amulet of regeneration
HPRegen 1.10/turn                v - ring of wizardry
MPRegen 0.25/turn                z - +6 ring of intelligence

@: no status effects
A: clever 1, noise suppression
a: Renounce Religion, Channel Magic, Forget Spell, Divine Exegesis


You were on level 13 of the Dungeon.
You worshipped Sif Muna.
Sif Muna was greatly pleased with you.
You visited 2 branches of the dungeon, and saw 15 of its levels.

You collected 1363 gold pieces.

Inventory:

Hand Weapons
 h - a +0 great mace of freezing
Armour
 a - a +2 robe (worn)
 y - a +2 hat of willpower (worn)
 B - a +2 pair of gloves (worn)
 C - a +0 pair of boots (worn)
Magical Staves
 p - a staff of conjuration (weapon)
Jewellery
 k - a ring of ice
 l - a ring of see invisible
 v - a ring of wizardry (left hand)
 x - a +4 ring of protection
 z - a +6 ring of intelligence (right hand)
 A - a ring of poison resistance
 H - an amulet of regeneration (around neck)
Wands
 q - a wand of flame (47)
 E - a wand of paralysis (18)
 F - a wand of iceblast (2)
 I - a wand of mindburst (5)
 N - a wand of polymorph (4)
Scrolls
 c - 2 scrolls of silence
 f - 6 scrolls of teleportation
 i - 4 scrolls of magic mapping
 o - 2 scrolls of noise
 s - 7 scrolls of poison
 D - 2 scrolls of amnesia
 Q - a scroll of enchant armour
Potions
 b - a potion of magic
 d - 5 potions of degeneration
 e - a potion of invisibility
 g - 2 potions of flight
 j - 5 potions of attraction
 m - 3 potions of lignification
 n - a potion of resistance
 r - 7 potions of curing
 t - 5 potions of haste
 w - 2 potions of berserk rage
 G - 2 potions of heal wounds
 J - a potion of brilliance
 K - a potion of might {unknown}
 M - a potion of ambrosia {unknown}
Miscellaneous
 u - a condenser vane


   Skills:
 + Level 3.5 Dodging
 - Level 2.4 Stealth
 * Level 18.1 Spellcasting
 + Level 12.1 Conjurations
 + Level 10.2 Fire Magic
 * Level 9.9 Invocations
 - Level 7.4 Evocations


You had 12 spell levels left.
You knew the following spells:

 Your Spells              Type           Power      Damage    Failure   Level
a - Magic Dart            Conj           100%       1d8       0%          1
b - Searing Ray           Conj           100%       2d8       0%          2
c - Iskenderun's Battles  Conj           100%       2d15      1%          5
d - Swiftness             Air            35%        N/A       1%          3
e - Fireball              Conj/Fire      55%        3d21      1%          5
f - Iskenderun's Mystic   Conj/Tloc      89%        2d17      1%          4
g - Apportation           Tloc           70%        N/A       1%          1
h - Starburst             Conj/Fire      55%        6d15      1%          6
i - Passwall              Tmut/Erth      29%        N/A       1%          2
j - Orb of Destruction    Conj           57%        9d14      1%          7

Your spell library contained the following spells:

 Spells                   Type           Power      Damage    Failure   Level
 Freeze                   Ice            100%       1d10      1%          1
 Sting                    Tmut/Pois      100%       1d8       1%          1
 Summon Small Mammal      Summ           100%       N/A       1%          1
 Ensorcelled Hibernation  Hex/Ice        70%        N/A       1%          2
 Poisonous Vapours        Pois/Air       70%        N/A       1%          2
 Call Canine Familiar     Summ           35%        N/A       1%          3
 Dazzling Flash           Conj/Hex       100%       N/A       1%          3
 Gell's Gravitas          Tloc           35%        N/A       1%          3
 Lesser Beckoning         Tloc           70%        N/A       1%          3
 Portal Projectile        Hex/Tloc       70%        N/A       1%          3
 Teleport Other           Tloc           35%        N/A       1%          3
 Fulminant Prism          Conj/Hex       44%        3d19      1%          4
 Animate Armour           Summ/Erth      70%        N/A       3%          4
 Leda's Liquefaction      Hex/Erth       17%        N/A       3%          4
 Olgreb's Toxic Radiance  Pois           35%        N/A       3%          4
 Conjure Ball Lightning   Conj/Air       44%        3x3d15    4%          6
 Iron Shot                Conj/Erth      44%        9d9       4%          6
 Alistair's Intoxication  Tmut/Pois      23%        N/A       9%          5
 Blade Hands              Tmut           17%        N/A       9%          5
 Discord                  Hex            17%        N/A       100%        8
 Disjunction              Tloc           17%        N/A       100%        8


Dungeon Overview and Level Annotations

Branches:
Dungeon (14/15)            Temple (1/1) D:7            Lair (0/5) D:9
    Orc (0/2) D:10
 Vaults: D:13-14

Altars:
Ashenzari
Cheibriados
Dithmenos
Elyvilon
Fedhas
Gozag
Hepliaklqana
Kikubaaqudgha
Makhleb
Nemelex Xobeh
Okawaru
Qazlal
Ru
Sif Muna
Trog
Uskayaw
Vehumet
Wu Jian
Xom
Yredelemnul
Zin
The Shining One

Shops:
D:5 (

Annotations:
D:12 1 runed translucent door


Innate Abilities, Weirdness & Mutations

Your mind is acute. (Int +4, Str/Dex -1)
You passively dampen the noise of your surroundings.


Message History

Casting: Starburst (dangerous; 1% risk of failure)
Confirm with . or Enter, or press ? or * to list all spells.
Casting: Starburst (dangerous; 1% risk of failure)
Press: ? - help, Dir - look around, f - activate You feel a surge of power!
The bolt of fire hits the white ugly thing!!
You kill the white ugly thing!
Sif Muna accepts your kill.
The bolt of fire hits the white ugly thing!!!
You kill the white ugly thing!
Sif Muna accepts your kill.
The bolt of fire hits the white ugly thing!!
The white ugly thing is heavily wounded.
The white ugly thing pecks you but does no damage.
You feel much better.
The white ugly thing pecks you but does no damage.
Casting: Starburst (dangerous; 1% risk of failure)
Confirm with . or Enter, or press ? or * to list all spells.
Aiming: Searing Ray (safe; 0% risk of failure)
Press: ? - help, Shift-Dir - straight line, f - white ugly thing
Aim: a white ugly thing (heavily wounded, 83% to hit)
You feel a surge of power!
The searing ray hits the white ugly thing but does no damage.
The white ugly thing is heavily wounded. (Press . to maintain the ray.)
Your battlesphere fires!
The barrage of energy hits the white ugly thing!
The white ugly thing is heavily wounded.
The white ugly thing barely misses you.
The white ugly thing pecks you but does no damage.
You climb upwards.
Your battlesphere wavers and loses cohesion.
There is a stone staircase leading down here.
You hit the white ugly thing but do no damage.
You blast the white ugly thing!
The white ugly thing is severely wounded.
The white ugly thing pecks you. The white ugly thing freezes you!!
The white ugly thing pecks you! The white ugly thing freezes you!!
Ouch! That really hurt!
You die...

.....................~#..[#~...##
.....................~#)).#~...#
##..................~~##'##~~..##
.)..................~###'###~....
#)).............>...##.....##....
....................#...[...#....
<...................#.......#....
<...................##.....##....
##<............u@...~###รท###~....
#...................~~8#)#8~~....
#...................~###'###~....
#...................##.....##....
....................#.......#..##
.#..................#...^...#..#
#...................##.....##..##
##..................~###'###~....
.................................


You could see a white ugly thing.

Vanquished Creatures
  Azrael (D:13)
  A yaktaur captain (D:13)
  4 hydras
  A centaur warrior (D:13)
  3 two-headed ogres
  2 boulder beetles
  A tengu warrior (D:14)
  Sonja (D:11)
  A deep elf knight (D:13)
  3 skeletal warriors (D:13)
  Lodul (D:11)
  2 obsidian statues
  3 deep elf pyromancers
  2 manticores
  A cyclops (D:12)
  3 ugly things
  Maurice (D:10)
  An unseen horror (D:10)
  A yaktaur (D:11)
  A kobold demonologist (D:11)
  A tengu conjurer (D:14)
  3 meliai (D:13)
  5 trolls
  2 slime creatures
  Grinder (D:4)
  3 shadows
  A culicivora (shapeshifter) (D:13)
  2 wraiths
  A vampire (D:10)
  12 yaks
  3 wyverns
  3 fire elementals (D:13)
  A basilisk (D:13)
  2 steam dragons
  3 vampire mosquitoes (D:12)
  The ghost of Bediveer the Gusty, an amateur TeAE of Vehumet (D:5)
  A hell hound (D:13)
  Duvessa (D:4)
  2 water moccasins
  2 sky beasts (D:7)
  An ice beast (D:5)
  3 orc warriors
  9 ogres (D:11)
  11 centaurs
  4 phantoms
  4 bullfrogs
  5 necrophages
  2 gnoll sergeants
  13 wights
  Dowan (D:4)
  48 killer bees
  5 howler monkeys
  A jelly (D:4)
  3 orc priests
  3 hounds
  A gnoll bouda (D:9)
  11 orc wizards
  3 iguanas
  Natasha (twice) (D:4)
  17 gnolls
  8 adders
  3 white imps
  2 ufetubi
  7 dart slugs
  37 orcs
  8 endoplasms
  3 giant cockroaches
  7 goblins
  8 hobgoblins
  4 jackals (D:1)
  8 kobolds
  4 quokkas
  5 ball pythons
  10 bats
  A frilled lizard (D:1)
  7 rats
353 creatures vanquished.

Vanquished Creatures (others)
  4 fungi (D:9)
  12 plants (D:8)
  5 withered plants (D:3)
21 creatures vanquished.

Grand Total: 374 creatures vanquished

Notes
Turn   | Place    | Note
-------+----------+-------------------------------------------
     0 | D:1      | purpskrrrp the Deep Elf Conjurer began the quest for the
                  | Orb.
     0 | D:1      | Reached XP level 1. HP: 10/10 MP: 6/6
   190 | D:1      | Reached XP level 2. HP: 15/15 MP: 2/8
   309 | D:1      | Learned a level 2 spell: Searing Ray
   511 | D:1      | Reached skill level 4 in Spellcasting
   517 | D:1      | Reached XP level 3. HP: 19/19 MP: 3/10
   520 | D:1      | Reached skill level 5 in Conjurations
  1023 | D:2      | Identified a scroll of acquirement
  1023 | D:2      | Acquired a book of the Spheres
  1199 | D:2      | Reached XP level 4. HP: 24/24 MP: 8/12
  1864 | D:2      | Acquired a staff of conjuration
  1909 | D:3      | Found a faded altar of an unknown god.
  2293 | D:3      | Reached skill level 5 in Spellcasting
  2455 | D:3      | Found a hazy altar of Hepliaklqana.
  2921 | D:3      | Reached skill level 1 in Evocations
  2923 | D:3      | Reached XP level 5. HP: 28/28 MP: 10/15
  2944 | D:3      | Learned a level 5 spell: Iskenderun's Battlesphere
  3310 | D:4      | Noticed Grinder
  3326 | D:4      | Killed Grinder
  3327 | D:4      | Reached skill level 6 in Spellcasting
  3327 | D:4      | Reached XP level 6. HP: 32/32 MP: 7/17
  3505 | D:4      | Noticed Duvessa
  3593 | D:4      | Noticed Natasha
  3597 | D:4      | Killed Natasha
  3598 | D:4      | Reached skill level 7 in Spellcasting
  3791 | D:4      | Noticed Natasha
  3795 | D:4      | Killed Natasha
  4138 | D:4      | Noticed Dowan
  4148 | D:5      | Entered Level 5 of the Dungeon
  4148 | D:5      | Found a snail-covered altar of Cheibriados.
  4194 | D:5      | Reached XP level 7. HP: 9/36 MP: 2/20
  4389 | D:5      | Reached skill level 8 in Spellcasting
  4608 | D:5      | Found an opulent altar of Gozag.
  4921 | D:5      | Found Ivag's Antique Weapon Emporium.
  5048 | D:5      | Found a runed translucent gate.
  5048 | D:5      | Found a runed translucent gate.
  5048 | D:5      | Found a runed translucent gate.
  5049 | D:5      | Noticed Bediveer's ghost (amateur TeAE)
  5071 | D:5      | Found an iron altar of Okawaru.
  5079 | D:5      | Reached skill level 9 in Spellcasting
  5301 | D:5      | Learned a level 3 spell: Swiftness
  5464 | D:6      | Identified the +1 chain mail of the Shore {rPois Str+3
                  | Int+3 Dex-5}
  5484 | D:6      | Reached XP level 8. HP: 41/41 MP: 14/23
  5915 | D:6      | Gained mutation: You have a somewhat thin skeletal
                  | structure. (Dex +2, Stealth+) [potion of mutation]
  5916 | D:6      | Lost mutation: You have a somewhat thin skeletal structure.
                  | (Dex +2, Stealth+) [potion of mutation]
  5916 | D:6      | Gained mutation: You are dopey. (Int -2) [potion of
                  | mutation]
  5916 | D:6      | Gained mutation: You passively map a small area around you.
                  | [potion of mutation]
  5917 | D:6      | Lost mutation: You are dopey. (Int -2) [potion of mutation]
  5917 | D:6      | Lost mutation: You passively map a small area around you.
                  | [potion of mutation]
  5917 | D:6      | Gained mutation: You passively dampen the noise of your
                  | surroundings. [potion of mutation]
  5917 | D:6      | Gained mutation: Your mind is acute. (Int +4, Str/Dex -1)
                  | [potion of mutation]
  6108 | D:6      | Reached skill level 10 in Spellcasting
  6119 | D:6      | Reached skill level 5 in Evocations
  6681 | D:6      | Found a shimmering blue altar of Sif Muna.
  6687 | D:6      | Found a basalt altar of Yredelemnul.
  6734 | D:6      | Became a worshipper of Sif Muna the Loreminder
  6940 | D:4      | Killed Duvessa
  6942 | D:4      | Killed Dowan
  7178 | D:4      | Reached skill level 11 in Spellcasting
  7339 | D:4      | Found a sacrificial altar of Ru.
  7339 | D:4      | Found an ancient bone altar of Kikubaaqudgha.
  7361 | D:4      | Learned a level 5 spell: Fireball
  7653 | D:7      | Reached skill level 1 in Fire Magic
  7656 | D:7      | Reached XP level 9. HP: 45/45 MP: 14/26
  7979 | D:7      | Found a staircase to the Ecumenical Temple.
  8000 | Temple   | Entered the Ecumenical Temple
  8000 | Temple   | Found a transporter.
  8000 | Temple   | Found a transporter.
  8002 | Temple   | Found a transporter.
  8002 | Temple   | Found a transporter.
  8180 | D:7      | Reached * piety under Sif Muna
  8232 | D:7      | Found a white marble altar of Elyvilon.
  8637 | D:7      | Reached skill level 12 in Spellcasting
  8976 | D:7      | Learned a level 4 spell: Iskenderun's Mystic Blast
  9391 | D:8      | Reached skill level 5 in Fire Magic
  9611 | D:8      | Reached ** piety under Sif Muna
  9612 | D:8      | Reached XP level 10. HP: 46/50 MP: 20/28
  9624 | D:8      | Noticed a two-headed ogre
  9907 | D:8      | Killed a two-headed ogre
  9908 | D:8      | Reached skill level 13 in Spellcasting
 10055 | D:8      | Noticed a deep elf pyromancer
 10058 | D:8      | Killed a deep elf pyromancer
 10436 | D:8      | Acquired a +1 hat of willpower
 10625 | D:9      | Found a staircase to the Lair.
 10735 | D:9      | Reached skill level 1 in Invocations
 10847 | D:9      | Noticed a two-headed ogre
 10849 | D:9      | Killed a two-headed ogre
 10850 | D:9      | Reached skill level 14 in Spellcasting
 11075 | D:9      | Found a glowing golden altar of the Shining One.
 11110 | D:9      | Noticed an obsidian statue
 11668 | D:9      | Learned a level 1 spell: Apportation
 11679 | D:9      | Learned a level 6 spell: Starburst
 11700 | D:10     | Entered Level 10 of the Dungeon
 11942 | D:10     | Reached skill level 10 in Conjurations
 11942 | D:10     | Reached XP level 11. HP: 46/54 MP: 2/31
 12175 | D:10     | Found a staircase to the Orcish Mines.
 12186 | D:10     | Found a stormy altar of Qazlal.
 12360 | D:10     | Reached *** piety under Sif Muna
 13322 | D:10     | Reached skill level 15 in Spellcasting
 13490 | D:10     | Noticed Maurice
 13494 | D:10     | Killed Maurice
 13792 | D:10     | Reached **** piety under Sif Muna
 14469 | D:11     | Noticed Sonja
 14470 | D:11     | Killed Sonja
 14471 | D:11     | Reached skill level 5 in Invocations
 14822 | D:11     | Noticed an obsidian statue
 14919 | D:11     | Noticed Lodul
 14922 | D:11     | Killed Lodul
 14923 | D:11     | Reached skill level 16 in Spellcasting
 15310 | D:11     | Found a shimmering blue altar of Sif Muna.
 15518 | D:11     | Learned a level 2 spell: Passwall
 15522 | D:11     | Got Sif Muna's Exposition on the Escort
 15526 | D:11     | Got Sif Muna's Incunabulum of the Chill
 15898 | D:5      | Killed Bediveer's ghost
 16139 | D:9      | Learned a level 7 spell: Orb of Destruction
 16143 | D:9      | Killed an obsidian statue
 16144 | D:9      | Reached XP level 12. HP: 59/59 MP: 20/34
 16910 | D:12     | Noticed a boulder beetle
 16917 | D:12     | Killed a boulder beetle
 17056 | D:12     | Found a runed translucent door.
 17056 | D:12     | Noticed a four-headed hydra
 17062 | D:12     | Killed a four-headed hydra
 17113 | D:12     | Noticed a vampire knight
 17210 | D:13     | Reached skill level 17 in Spellcasting
 17615 | D:13     | Noticed a two-headed ogre
 17619 | D:13     | Killed a two-headed ogre
 17689 | D:13     | Noticed Azrael
 17691 | D:13     | Killed Azrael
 17939 | D:13     | Found a runed translucent door.
 17939 | D:13     | Noticed a four-headed hydra
 17941 | D:13     | Noticed a boulder beetle
 17942 | D:13     | Killed a four-headed hydra
 17944 | D:13     | Killed a boulder beetle
 18303 | D:13     | Noticed a seven-headed hydra
 18305 | D:13     | Noticed a centaur warrior
 18356 | D:13     | Killed a seven-headed hydra
 18357 | D:13     | Killed a centaur warrior
 18359 | D:13     | Reached skill level 10 in Fire Magic
 18479 | D:13     | Reached XP level 13. HP: 63/63 MP: 28/36
 18667 | D:13     | Reached skill level 18 in Spellcasting
 18768 | D:13     | Mangled by a white ugly thing

Illustrated notes

Levels and vault maps discovered:
D:1:      dpeg_arrival_arbitrary_c, layout_basic
D:2:      layout_loops_ring, kennysheep_minor_cross
D:3:      minmay_chambers_of_twos, layout_loops_ring, overflow_temple_1_default,
          ebering_ecumenical_altar_petrified
D:4:      layout_loops_cross, gammafunk_temple_overflow_elements, dk_vineyard_3,
          uniq_grinder, uniq_natasha, uniq_duvessa
D:5:      layout_rooms, cheibriados_altar_1, mainiacjoe_overflow_chevrons,
          okawaru_metal_pillars_3, serial_shops, shop_statue,
          ebering_ghost_rock_garden
D:6:      layout_loops_corners, amethyst_overflow_temple_binary,
          kennysheep_windowed_goal
D:7:      layout_basic, old_standard_altar, minmay_temple_entry_mini_moons
D:8:      layout_rooms, glass_columns_a, minmay_shattered_shrine
D:9:      layout_long_grid, tso_altar, dpeg_oklobed_lair, serial_bayou_pond_e,
          minivault_16
D:10:     wad_woods_minihive, layout_loops_corners,
          nicolae_qazlal_eye_of_the_storm, uniq_maurice
D:11:     layout_rooms, minivault_16, nicolae_sif_muna_little_library,
          uniq_sonja, uniq_lodul
D:12:     layout_rooms, minivault_13
D:13:     layout_big_octagon, lightli_airlock, uniq_azrael
D:14:     layout_loops_cross, david_vaults_2
Temple:   hellmonk_temple_divided_pantheon

Skill      XL: |  1  2  3  4  5  6  7  8  9 10 11 12 13 |
---------------+----------------------------------------+-----
Spellcasting   | 4 5 6 7 9 11 12 14 16 17 18 | 18.1
Conjurations   | 5 6 7 8 9 10 11 12 | 12.1
Evocations     | 1 2 3 4 5 6 7 |  7.4
Fire Magic     | 1 5 7 8 10 | 10.2
Invocations    | 2 6 9 |  9.9
Dodging        | 3 |  3.5
Stealth        | |  2.4

Action                   |  1- 3 |  4- 6 |  7- 9 | 10-12 | 13-15 || total
-------------------------+-------+-------+-------+-------+-------++-------
Melee: Great mace        |    23 |     1 |       |       |       ||    24
       Staff             |       |    13 |    11 |    15 |     2 ||    41
       Punch             |       |       |     1 |       |       ||     1
 Cast: Magic Dart        |    34 |    88 |   129 |   135 |       ||   386
       Searing Ray       |     4 |     6 |    29 |    35 |     1 ||    75
       Iskenderun's Batt |       |     2 |    23 |    66 |     4 ||    95
       Fireball          |       |       |    14 |    68 |     6 ||    88
       Swiftness         |       |       |     1 |     1 |       ||     2
       Apportation       |       |       |       |     9 |       ||     9
       Starburst         |       |       |       |     4 |     3 ||     7
       Passwall          |       |       |       |     2 |       ||     2
       Orb of Destructio |       |       |       |    15 |     3 ||    18
       Iskenderun's Myst |       |       |       |     1 |       ||     1
  Use: Scroll            |     1 |    15 |     2 |    14 |       ||    32
       Potion            |       |       |     4 |     1 |     1 ||     6
Armor: Robe              |    10 |     3 |    11 |    23 |     4 ||    51
Dodge: Dodged            |    20 |    20 |    41 |    48 |     2 ||   131

Table legend: (Time is in decaauts)
 A = Elapsed time spent in this place.
 B = Non-inter-level travel time spent in this place.
 C = Inter-level travel time spent in this place.
 D = Time resting spent in this place.
 E = Time spent auto-exploring this place.
 F = Levels seen in this place.
 G = Mean time per level.
                   A        B        C        D        E       F      G
               +--------+--------+--------+--------+--------+-----+--------+
         Total |  18815 |  17194 |   1621 |   5257 |   8823 |  15 | 1254.3 |
       Dungeon |  18767 |  17146 |   1621 |   5257 |   8817 |  14 | 1340.5 |
        Temple |     47 |     47 |      0 |      0 |      6 |   1 |   47.0 |
               +--------+--------+--------+--------+--------+-----+--------+

Top non-repeatable levels by time:
    D:10: 2698 daAuts
     D:6: 1807 daAuts
     D:7: 1614 daAuts
    D:13: 1568 daAuts
     D:9: 1481 daAuts
     D:4: 1444 daAuts
    D:11: 1399 daAuts
     D:5: 1384 daAuts
     D:8: 1303 daAuts
     D:3: 1277 daAuts
     D:1: 1036 daAuts
     D:2: 881 daAuts
    D:12: 857 daAuts
  Temple: 47 daAuts
    D:14: 11 daAuts
